 Seeded DCSS version 0.27.1-2-g3b301248ec (webtiles) character file.

Game seed: 14551798346683263451 (custom seed)

41 babuloseo the Slasher (level 3, 16/27 HPs)
             Began as a Human Gladiator on Sept 30, 2021.
             Quit the game on level 2 of the Dungeon.
             The game lasted 00:01:28 (916 turns).

babuloseo the Slasher (Human Gladiator)              Turns: 916, Time: 00:01:28

Health: 16/27      AC:  6    Str: 15    XL:     3   Next: 75%
Magic:  3/3        EV: 11    Int:  8    God:
Gold:   58         SH:  0    Dex: 14    Spells: 2/2 levels left

rFire    . . .     SeeInvis .   f - +2 dagger (venom)
rCold    . . .     Faith    .   (no shield)
rNeg     . . .     Spirit   .   i - +0 ring mail
rPois    .         Reflect  .   c - +0 helmet
rElec    .         Harm     .   (no cloak)
rCorr    .         Rampage  .   (no gloves)
Will     .....                  (no boots)
Stlth    +.........             (no amulet)
HPRegen  0.09/turn              (no ring)
MPRegen  0.08/turn              (no ring)

@: no status effects
A: no striking features
a: no special abilities


You were on level 2 of the Dungeon.
You visited 1 branch of the dungeon, and saw 2 of its levels.

You collected 58 gold pieces.

Inventory:

Hand Weapons
 a - a +0 long sword
 f - a +2 dagger of venom (weapon)
Missiles
 d - a throwing net (quivered)
 h - 8 javelins
Armour
 b - a +0 leather armour
 c - a +0 helmet (worn)
 i - a +0 ring mail (worn)
Scrolls
 e - a scroll of magic mapping {unknown}
 j - a scroll of identify {unknown}
 k - a scroll of acquirement
Potions
 g - a potion of ambrosia {unknown}
 l - a potion of brilliance {unknown}


   Skills:
 + Level 2.1 Fighting
 + Level 0.5(2.3) Short Blades
 * Level 3.7(3.8) Long Blades
 - Level 2.0 Throwing
 + Level 0.1 Armour
 + Level 3.4 Dodging
 + Level 0.3 Stealth


You had 2 spell levels left.
You didn't know any spells.
Your spell library contained the following spells:

 Spells                   Type           Power      Damage    Failure   Level
 Magic Dart               Conj           0%         1d3       65%         1
 Call Imp                 Summ           0%         N/A       78%         2
 Searing Ray              Conj           0%         3d3       78%         2
 Mephitic Cloud           Conj/Pois/Air  0%         N/A       95%         3
 Fulminant Prism          Conj/Hex       0%         3d6       100%        4


Dungeon Overview and Level Annotations

Branches:
Dungeon (2/15)

Altars:
Qazlal


Message History

The hobgoblin hits you.
The hobgoblin hits you but does no damage.
You hit the hobgoblin but do no damage.
The hobgoblin looks as sick as possible!
The hobgoblin is heavily wounded.
The hobgoblin completely misses you.
You hit the hobgoblin.
The hobgoblin looks as sick as possible!
The hobgoblin is almost dead.
You kill the hobgoblin!
The hobgoblin barely misses you.
You barely miss the hobgoblin. The hobgoblin barely misses you.
You hit the hobgoblin.
The hobgoblin is poisoned.
The hobgoblin is heavily wounded.
The hobgoblin hits you but does no damage.
You barely miss the hobgoblin.
The hobgoblin is severely wounded.
The hobgoblin hits you.
You barely miss the hobgoblin.
The hobgoblin is severely wounded.
You kill the hobgoblin!
d - a throwing net
There is an open door here.
Things that are here:
a hobgoblin corpse; a hobgoblin corpse; a hobgoblin corpse
There is an open door here.
Things that are here:
a hobgoblin corpse; a hobgoblin corpse; a hobgoblin corpse
k - a scroll labelled LONUMM XATILEEJ This is a scroll of acquirement!
Unknown command.
You see here 14 stones.
You pick up a book of Minor Magic and begin reading...
You add the spells Call Imp and Mephitic Cloud to your library.
l - a smoky grey potion
There is an open door here.
Things that are here:
a hobgoblin corpse; a hobgoblin corpse; a hobgoblin corpse
There is an open door here.
Are you sure you want to abandon this character and quit the game? (Confirm with "yes".)

#.# ###.# ## .... .# #
#.##.#)# #.....##### ...
#..†.##...## ..
#.####.....# ..
#.#..#.....# .#
#@'..†.....#
.###########.#..#..(..#
####..#..........####.....#
.....#(..###.)...# ##...##
....###..#.......# #####
...#.#.....#.....#
##.#..#..###.....#
#.##.#.......####
#.##.........#


There were no monsters in sight!

Vanquished Creatures
  An adder (D:2)
  A dart slug (D:1)
  2 bats
  2 endoplasms (D:1)
  A giant cockroach (D:1)
  3 goblins
  8 hobgoblins
  3 ball pythons (D:2)
  2 frilled lizards (D:1)
  2 kobolds (D:1)
  2 rats (D:2)
27 creatures vanquished.

Notes
Turn   | Place    | Note
-------+----------+-------------------------------------------
     0 | D:1      | babuloseo the Human Gladiator began the quest for the Orb.
     0 | D:1      | Reached XP level 1. HP: 16/16 MP: 1/1
   196 | D:1      | Reached XP level 2. HP: 22/22 MP: 2/2
   692 | D:2      | Found a stormy altar of Qazlal.
   696 | D:2      | Reached XP level 3. HP: 27/27 MP: 3/3
   897 | D:2      | Identified a scroll of acquirement
   916 | D:2      | Quit the game

Illustrated notes

Levels and vault maps discovered:
D:1:      lemuel_arrival_river_bridge, layout_rooms
D:2:      layout_loops_cross, basic_altar, serial_shops, shop,
          minmay_goblin_kobold_house, uniq_crazy_yiuf_cottage, uniq_robin

Action                   || total
-------------------------++-------
Melee: Long sword        ||    17
       Dagger            ||    55
Throw: Throwing net      ||     3
 Stab: Sleeping          ||     1
       Held in net/web   ||     1
Armor: Leather armour    ||    12
       Ring mail         ||    15
Dodge: Dodged            ||    44
       Rpst.: Long sword ||     5
